Map: Emerald City LE

Players

Zee - Winner!

  • Race: Zerg Zerg
  • League: Platinum
  • Spawn Location: 11:00

Javasek - Winner!

  • Race: Protoss Protoss
  • League: Diamond
  • Spawn Location: 11:00

Massa

  • Race: Terran Terran
  • League: Platinum
  • Spawn Location: 5:00

qqq

  • Race: Protoss Protoss
  • League: Platinum
  • Spawn Location: 5:00

VOD

Have the link to the VOD?

Description

Time

  • Played on: Sept. 6, 2020, 11:33 a.m.
  • Length: 18:39
Show
View Real Time Build Order
Export as new Build Order

Zee Zerg - Winner!

Build Orders: Pool First 

Get SALT Encoding   

  12  0:00  Drone  
  13  0:13  Overlord  
  13  0:17  Drone  
  14  0:31  Drone  
  15  0:36  Drone  
  15  0:38  Drone  
  17  0:49  Spawning Pool  
  16  0:53  Drone  
  17  0:58  Drone  
  18  1:14  Hatchery  
  18  1:17  Extractor  
  18  1:18  Drone  
  17  1:21  Drone  
  18  1:54  Zergling x6  
  21  2:10  Overlord  
  21  2:24  Overlord  
  21  2:31  Drone x2  
  21  2:32  Metabolic Boost  
  23  2:51  Queen  
  23  2:53  Queen  
  27  3:03  Drone x3  
  27  3:04  Drone x3  
  33  3:18  Spine Crawler  
  33  3:19  Overlord  
  32  3:20  Drone  
  33  3:36  Drone  
  33  3:37  Drone x3  
  37  4:06  Drone  
  37  4:07  Drone x6  
  37  4:08  Drone x3  
  47  4:16  Extractor  
  46  4:17  Lair  
  46  4:18  Hatchery  
  46  4:22  Roach Warren  
  46  4:23  Drone  
  46  4:24  Drone  
  46  4:26  Evolution Chamber  
  45  4:45  Overlord  
  44  4:52  Zerg Melee Weapons Level 1  
  44  4:57  Evolution Chamber, Overlord  
  44  4:58  Overlord x2  
  43  5:02  Drone x2  
  43  5:03  Drone, Extractor  
  43  5:04  Drone  
  43  5:07  Drone x2, Spore Crawler  
  47  5:10  Spore Crawler  
  47  5:12  Drone x2  
  48  5:14  Glial Reconstitution  
  48  5:21  Overlord  
  48  5:30  Overlord  
  48  5:31  Overlord  
  48  5:34  Queen  
  50  5:41  Zergling x12  
  56  5:43  Spore Crawler  
  55  5:56  Roach x4  
  55  5:57  Roach x3  
  67  6:30  Drone  
  67  6:31  Drone x12  
  80  6:39  Zerg Ground Armor Level 1  
  80  6:48  Spire  
  80  6:50  Extractor  
  80  6:51  Drone x3  
  81  6:57  Extractor x2, Drone x3  
  83  7:01  Drone x3  
  85  7:15  Zerg Missile Weapons Level 1, Infestation Pit  
  84  7:17  Hatchery  
  84  7:19  Hydralisk Den  
  82  7:25  Infestation Pit  
  81  7:32  Drone x2  
  81  7:33  Drone  
  81  7:34  Roach  
  81  7:35  Roach x10  
  106  7:43  Overlord x3  
  106  7:46  Queen  
  106  7:47  Drone x2  
  110  7:52  Drone, Spine Crawler  
  110  8:02  Hive  
  110  8:04  Pathogen Glands  
  110  8:07  Overlord x2  
  110  8:09  Zerg Flyer Armor Level 1  
  110  8:11  Grooved Spines  
  110  8:13  Overlord  
  110  8:17  Zergling x6  
  110  8:18  Zergling x2  
  114  8:32  Drone  
  114  8:33  Drone x10  
  114  8:34  Drone x2  
  126  8:35  Drone  
  126  8:41  Zerg Ground Armor Level 2  
  128  8:43  Overseer x2  
  128  8:53  Infestor x2  
  128  8:54  Infestor  
  134  9:01  Extractor  
  134  9:02  Spore Crawler  
  132  9:03  Extractor  
  132  9:08  Drone x3  
  132  9:09  Drone x2  
  136  9:10  Drone x3  
  136  9:11  Drone x3  
  136  9:15  Spine Crawler  
  141  9:22  Muscular Augments  
  141  9:23  Spire, Zerg Missile Weapons Level 2  
  140  9:26  Hatchery  
  140  9:30  Burrow  
  139  9:49  Drone  
  139  9:50  Drone  
  141  9:55  Adrenal Glands  
  131  10:33  Zerg Flyer Armor Level 2  
  131  10:36  Greater Spire  
  131  10:38  Viper x2  
  131  10:41  Roach  
  131  10:42  Zergling x2, Roach x8  
  156  10:43  Zergling x20  
  166  11:03  Zerg Ground Armor Level 3  
  166  11:08  Neural Parasite  
  166  11:13  Extractor, Overlord x6  
  166  11:14  Extractor, Queen, Overlord  
  166  11:34  Drone x3  
  166  11:36  Drone x2  
  171  11:41  Zerg Missile Weapons Level 3  
  171  11:52  Corruptor  
  171  11:53  Corruptor x5  
  183  12:08  Viper  
  183  12:10  Viper  
  189  12:19  Zerg Flyer Weapons Level 1  
  178  13:17  Extractor  
  177  13:31  Corruptor x8  
  177  13:32  Corruptor x3  
  199  13:36  Zerg Flyer Armor Level 3  
  199  13:42  Zerg Melee Weapons Level 2  
  199  13:43  Ultralisk Cavern  
  198  13:56  Overseer  
  198  13:57  Overseer x2  
  198  14:04  Overlord  
  198  14:33  Zerg Flyer Weapons Level 2  
  177  15:44  Brood Lord x5  
  131  16:02  Ultralisk x3  
  131  16:03  Ultralisk x8  
  195  16:08  Brood Lord x2  
  185  16:58  Corruptor x4  
  185  16:59  Corruptor x5  
  187  17:32  Corruptor  
  187  17:33  Corruptor x3  
  187  17:34  Overlord x4  
  131  18:34  Hatchery  
Show
View Real Time Build Order
Export as new Build Order

Javasek Protoss - Winner!

Build Orders: 1 Gate Expand, Oracle Opening, Phoenix Opening, Carriers, Mass Phoenix 

Get SALT Encoding   

  12  0:01  Probe  
  13  0:13  Probe  
  14  0:18  Pylon  
  14  0:25  Probe  
  15  0:37  Probe  
  15  0:39  Assimilator  
  16  0:45  Gateway  
  16  0:49  Probe (Chrono Boost)  
  17  0:59  Probe (Chrono Boost), Assimilator  
  18  1:04  Probe (Chrono Boost)  
  19  1:16  Probe  
  20  1:28  Probe  
  21  1:37  Nexus  
  21  1:59  Cybernetics Core  
  21  2:03  Probe  
  21  2:05  Pylon  
  22  2:15  Probe  
  23  2:27  Probe  
  24  2:35  Stargate  
  24  2:38  Stargate  
  24  2:45  Probe (Chrono Boost)  
  25  2:55  Probe (Chrono Boost)  
  25  2:58  Assimilator  
  27  3:01  Assimilator  
  27  3:03  Probe (Chrono Boost)  
  27  3:05  Probe (Chrono Boost)  
  28  3:10  Probe (Chrono Boost)  
  29  3:16  Protoss Air Weapons Level 1 (Chrono Boost)  
  29  3:18  Oracle (Chrono Boost)  
  32  3:28  Phoenix (Chrono Boost)  
  35  3:34  Probe x2  
  36  3:46  Probe x2  
  36  3:48  Pylon  
  38  3:58  Probe x2  
  40  4:05  Phoenix  
  42  4:10  Probe x2  
  42  4:16  Pylon  
  44  4:22  Probe x2, Phoenix  
  48  4:34  Probe x2, Phoenix  
  52  4:46  Probe  
  52  4:47  Probe  
  54  4:58  Probe  
  54  4:59  Probe, Phoenix (Chrono Boost)  
  53  5:00  Phoenix (Chrono Boost)  
  57  5:10  Pylon  
  57  5:11  Probe x2  
  59  5:16  Phoenix (Chrono Boost)  
  61  5:23  Probe  
  61  5:25  Pylon  
  61  5:28  Probe, Phoenix  
  65  5:31  Fleet Beacon  
  65  5:40  Phoenix  
  67  5:53  Phoenix  
  69  6:05  Phoenix  
  71  6:18  Phoenix  
  73  6:30  Phoenix  
  73  6:44  Pylon  
  73  6:49  Pylon  
  73  6:53  Pylon  
  73  7:02  Carrier x2, Forge  
  85  7:11  Nexus  
  85  7:13  Assimilator  
  85  7:17  Assimilator  
  85  7:19  Pylon  
  85  7:22  Pylon, Protoss Air Weapons Level 2 (Chrono Boost)  
  83  7:34  Protoss Shields Level 1  
  83  7:42  Photon Cannon  
  83  7:46  Photon Cannon  
  83  7:47  Photon Cannon  
  83  7:56  Probe x2  
  85  8:05  Pylon  
  85  8:06  Carrier x2  
  85  8:07  Pylon  
  85  8:08  Probe x2, Stargate  
  99  8:20  Probe x2  
  101  8:32  Probe  
  102  8:39  Probe x2  
  104  8:44  Probe  
  105  8:50  Stargate  
  105  8:51  Probe x2  
  105  8:53  Tempest  
  112  8:56  Probe  
  113  9:03  Probe  
  114  9:10  Tempest x2, Twilight Council  
  114  9:11  Anion Pulse-Crystals (Chrono Boost)  
  124  9:36  Probe x3  
  127  9:44  Protoss Shields Level 2 (Chrono Boost)  
  127  9:48  Probe x2  
  129  9:53  Tempest  
  129  9:59  Nexus  
  134  10:02  Assimilator  
  134  10:04  Tempest, Phoenix  
  134  10:06  Assimilator  
  141  10:07  Protoss Air Weapons Level 3 (Chrono Boost)  
  141  10:09  Carrier  
  141  10:10  Pylon  
  141  10:13  Pylon  
  147  10:15  Pylon  
  147  10:21  Pylon  
  147  10:23  Pylon  
  147  10:25  Pylon  
  147  10:27  Pylon  
  147  10:28  Robotics Facility  
  147  10:32  Carrier  
  153  10:48  Photon Cannon  
  153  10:50  Photon Cannon  
  153  10:54  Photon Cannon  
  153  10:56  Pylon  
  153  10:57  Photon Cannon x2  
  153  10:58  Pylon  
  153  10:59  Photon Cannon  
  153  11:01  Photon Cannon  
  153  11:02  Photon Cannon, Carrier x2, Pylon  
  165  11:05  Photon Cannon  
  165  11:06  Pylon  
  165  11:18  Probe x3  
  168  11:30  Probe  
  169  11:38  Unknown, Stargate  
  169  11:40  Tempest, Carrier, Stargate  
  169  11:45  Stargate  
  188  12:07  Protoss Shields Level 3 (Chrono Boost)  
  188  12:15  Stargate  
  188  12:19  Carrier  
  188  12:20  Tempest  
  199  12:27  Protoss Air Armor Level 1 (Chrono Boost)  
  191  13:00  Mothership (Chrono Boost)  
  199  13:53  Nexus  
  199  13:56  Assimilator  
  199  14:01  Assimilator  
  199  14:05  Pylon  
  199  14:09  Pylon  
  199  14:13  Protoss Air Armor Level 2 (Chrono Boost), Pylon  
  199  14:49  Photon Cannon  
  184  15:36  Tempest x2, Carrier  
  182  15:59  Tempest  
  182  16:00  Tempest, Carrier x2  
  198  16:45  Pylon x2  
  198  16:46  Nexus, Assimilator  
  198  16:47  Pylon  
  198  16:48  Assimilator  
  198  16:49  Pylon  
  191  17:27  Carrier (Chrono Boost)  
  195  17:30  Tempest (Chrono Boost)  
Show
View Real Time Build Order
Export as new Build Order

Massa Terran 

Build Orders: Gas First Reaper Expand 

Get SALT Encoding   

  12  0:00  SCV  
  13  0:12  SCV  
  14  0:21  Supply Depot  
  14  0:24  SCV  
  15  0:31  Refinery  
  15  0:45  SCV, Barracks  
  16  0:57  SCV  
  17  1:09  SCV  
  18  1:19  Supply Depot  
  18  1:22  SCV  
  19  1:35  Orbital Command  
  19  1:37  Reaper  
  20  1:57  Command Center  
  20  2:04  Factory  
  20  2:06  SCV  
  21  2:11  Marine  
  22  2:30  Barracks Tech Lab  
  22  3:01  Factory Tech Lab  
  22  3:02  Marauder  
  22  3:05  SCV  
  25  3:09  Orbital Command  
  25  3:11  Refinery  
  25  3:17  SCV  
  26  3:20  Engineering Bay  
  26  3:23  Marauder, Engineering Bay  
  26  3:25  Refinery  
  28  3:27  Barracks  
  28  3:29  SCV  
  29  3:35  Stimpack  
  29  3:39  Widow Mine  
  32  3:41  SCV  
  32  3:44  Marine  
  33  4:14  Marauder  
  33  4:16  Siege Tank  
  38  4:21  Barracks Reactor  
  38  4:24  Terran Infantry Weapons Level 1  
  38  4:29  SCV  
  38  4:30  SCV, Missile Turret  
  40  4:35  Marine  
  41  4:41  SCV  
  41  4:42  SCV  
  43  4:51  Missile Turret  
  43  4:58  Terran Infantry Armor Level 1  
  43  5:02  Armory  
  43  5:06  Armory  
  43  5:07  SCV x2  
  43  5:13  Missile Turret  
  45  5:19  SCV  
  45  5:20  Command Center  
  46  5:25  Missile Turret  
  46  5:28  Supply Depot  
  46  5:49  SCV x2, Marine x3  
  51  6:01  SCV x2  
  53  6:07  Marine  
  53  6:08  Supply Depot  
  53  6:10  Supply Depot  
  54  6:30  Marine x2, Thor  
  54  6:32  SCV, Marine  
  64  6:40  Missile Turret  
  64  6:42  Missile Turret  
  64  6:47  Barracks  
  64  6:48  Marine  
  64  6:49  Marauder, Marine  
  68  7:04  Orbital Command  
  68  7:05  Marine  
  68  7:07  Marine  
  70  7:11  Terran Infantry Weapons Level 2, Marauder  
  70  7:13  Terran Infantry Armor Level 2  
  72  7:20  Combat Shield  
  72  7:46  SCV, Orbital Command  
  72  7:47  SCV  
  74  7:52  Marauder, Marine x3  
  79  7:58  SCV  
  79  7:59  SCV  
  81  8:10  SCV, Marine x2  
  81  8:11  SCV  
  81  8:12  Barracks Reactor  
  85  8:17  Supply Depot  
  85  8:22  Terran Vehicle And Ship Armor Level 1, Terran Vehicle Weapons Level 1  
  85  8:30  Supply Depot  
  85  8:35  Missile Turret  
  85  8:39  SCV x3, Marauder, Marine  
  91  8:42  Supply Depot  
  91  8:43  Marine  
  91  8:44  Concussive Shells  
  92  8:51  SCV x3  
  92  8:52  Supply Depot  
  92  8:53  Starport  
  92  8:54  Missile Turret  
  95  8:56  Marine  
  95  8:59  Starport  
  95  9:01  Marauder  
  98  9:04  SCV x3, Supply Depot  
  101  9:14  Supply Depot  
  101  9:16  SCV x3, Missile Turret  
  104  9:21  Command Center  
  104  9:25  Marine  
  104  9:26  Marauder, Marine x3  
  104  9:27  Supply Depot  
  104  9:28  SCV x2  
  112  9:38  Supply Depot  
  112  9:43  Marine x2  
  112  9:44  Marine  
  115  9:47  Marauder  
  115  9:49  Supply Depot  
  117  9:57  Factory  
  117  10:00  Refinery, Supply Depot  
  117  10:02  Refinery  
  117  10:08  Marauder  
  119  10:15  Sensor Tower  
  119  10:18  Terran Infantry Weapons Level 3, Terran Infantry Armor Level 3  
  119  10:19  Terran Vehicle And Ship Armor Level 2, Terran Vehicle Weapons Level 2  
  119  10:23  SCV x2  
  119  10:24  SCV  
  122  10:30  Marauder  
  124  10:35  SCV  
  124  10:36  SCV x2  
  124  10:38  Starport Reactor x2  
  127  10:48  SCV x3, Ghost Academy  
  130  10:53  Marine  
  130  10:54  Marauder, Marine x3  
  136  11:05  Barracks x2  
  136  11:07  Factory Tech Lab  
  136  11:10  Thor  
  142  11:11  Marine x2  
  142  11:12  Marine x2  
  142  11:15  Marauder  
  148  11:34  Command Center  
  148  11:36  Marine x3, Ghost  
  148  11:37  Barracks, Marine  
  154  11:43  Widow Mine  
  156  11:53  Widow Mine  
  158  11:54  Marine x4  
  162  12:01  Orbital Command  
  162  12:04  Ghost  
  162  12:05  Widow Mine  
  166  12:16  Refinery  
  166  12:17  Refinery  
  166  12:29  Barracks Reactor  
  166  12:30  Barracks Reactor  
  166  12:31  Barracks Tech Lab  
  166  12:33  Ghost, Thor x2  
  180  12:44  Orbital Command  
  180  12:46  Enhanced Shockwaves  
  176  12:55  Hi-Sec Auto Tracking, Neosteel Armor  
  173  13:12  SCV x4  
  177  13:24  SCV x3, Thor x2  
  177  13:25  SCV  
  193  13:31  Orbital Command  
  193  13:36  SCV x2  
  193  13:37  Terran Vehicle Weapons Level 3  
  195  13:44  Supply Depot  
  195  13:45  Supply Depot  
  195  13:59  Terran Vehicle And Ship Armor Level 3  
  195  14:06  SCV  
  195  14:08  Marine, Supply Depot  
  195  14:09  Marauder, Marine  
  200  14:10  Supply Depot  
  200  14:33  Supply Depot  
  200  14:34  Supply Depot  
  200  14:44  Command Center  
  200  14:57  Supply Depot  
  200  15:01  Supply Depot  
  200  15:25  Supply Depot x2  
  179  15:50  Supply Depot  
  127  15:58  Marauder  
  127  15:59  Marauder, Marine x8  
  127  16:03  Thor  
  104  16:17  Marine x6  
  109  16:20  Marauder x2  
  111  16:41  Marauder  
  111  16:42  Marauder  
  82  17:03  Marauder  
  79  17:10  Factory x2  
  79  17:11  Factory  
  79  17:12  Factory  
  63  17:20  Viking x4  
  69  17:24  Marauder  
  50  17:40  Marine x2  
  50  17:45  Marine  
  50  17:50  Viking x4  
  59  17:51  Missile Turret  
  59  17:53  Missile Turret  
  59  17:58  Marine x2  
  55  18:01  Factory x2  
  55  18:03  Marine  
  49  18:11  Missile Turret  
  47  18:13  Missile Turret  
  47  18:16  Marine x2  
  49  18:21  Marine  
  58  18:31  Missile Turret  
  58  18:33  Missile Turret  
Show
View Real Time Build Order
Export as new Build Order

qqq Protoss 

Build Orders: Carriers 

Get SALT Encoding   

  12  0:03  Probe  
  13  0:21  Probe, Pylon  
  14  0:33  Probe  
  15  0:41  Gateway  
  15  0:48  Pylon  
  15  0:51  Probe  
  16  1:03  Probe  
  17  1:15  Probe  
  18  1:27  Probe, Pylon  
  19  1:39  Probe  
  20  1:43  Forge  
  20  1:51  Probe  
  21  2:01  Nexus  
  21  2:04  Probe, Assimilator  
  21  2:06  Assimilator  
  21  2:26  Photon Cannon  
  21  2:36  Cybernetics Core  
  21  2:43  Probe  
  22  2:55  Probe  
  23  3:05  Pylon  
  23  3:07  Probe (Chrono Boost)  
  24  3:13  Stalker  
  24  3:18  Probe (Chrono Boost)  
  24  3:19  Probe (Chrono Boost)  
  28  3:22  Probe (Chrono Boost)  
  29  3:27  Probe, Stargate  
  29  3:34  Probe  
  31  3:39  Probe  
  32  3:47  Probe (Chrono Boost)  
  33  3:51  Probe (Chrono Boost)  
  33  3:54  Stargate  
  34  3:59  Probe (Chrono Boost)  
  36  4:03  Probe (Chrono Boost)  
  36  4:05  Assimilator  
  36  4:06  Probe (Chrono Boost)  
  36  4:07  Probe (Chrono Boost)  
  36  4:09  Assimilator  
  38  4:12  Probe, Phoenix  
  41  4:17  Probe  
  42  4:24  Probe  
  42  4:29  Probe  
  44  4:36  Probe  
  44  4:37  Phoenix  
  47  4:39  Phoenix  
  47  4:42  Probe  
  46  4:48  Probe  
  46  4:54  Probe  
  46  5:00  Probe  
  46  5:06  Probe, Phoenix  
  50  5:09  Phoenix  
  50  5:12  Probe  
  53  5:18  Probe  
  54  5:29  Pylon  
  54  5:36  Pylon  
  54  5:46  Phoenix x2  
  54  5:47  Probe  
  59  5:55  Protoss Air Weapons Level 1 (Chrono Boost)  
  57  5:59  Probe  
  57  6:01  Photon Cannon  
  58  6:04  Fleet Beacon  
  58  6:07  Photon Cannon  
  58  6:11  Probe, Phoenix x2  
  63  6:40  Photon Cannon  
  63  6:43  Nexus  
  63  6:46  Photon Cannon  
  63  6:48  Pylon  
  63  6:50  Pylon  
  63  6:54  Phoenix  
  65  6:55  Photon Cannon  
  65  6:56  Phoenix, Pylon  
  67  7:16  Anion Pulse-Crystals  
  67  7:18  Carrier (Chrono Boost)  
  73  7:34  Photon Cannon  
  73  7:37  Photon Cannon  
  73  7:41  Photon Cannon  
  73  7:45  Tempest (Chrono Boost)  
  78  7:56  Protoss Air Armor Level 1  
  78  8:07  Probe (Chrono Boost)  
  79  8:13  Carrier  
  79  8:18  Probe (Chrono Boost)  
  86  8:23  Probe (Chrono Boost)  
  86  8:26  Assimilator  
  87  8:28  Mothership (Chrono Boost)  
  87  8:33  Probe (Chrono Boost)  
  97  8:39  Probe (Chrono Boost)  
  98  8:42  Pylon  
  98  8:43  Probe (Chrono Boost)  
  98  8:44  Pylon  
  98  8:46  Probe (Chrono Boost), Robotics Facility  
  99  8:50  Phoenix  
  99  8:53  Probe  
  102  8:57  Probe  
  103  9:05  Probe  
  103  9:09  Probe, Pylon  
  105  9:11  Nexus  
  105  9:13  Pylon  
  105  9:17  Probe, Pylon  
  105  9:20  Carrier  
  105  9:21  Probe  
  113  9:32  Photon Cannon  
  113  9:34  Probe, Tempest  
  119  9:42  Photon Cannon  
  119  9:46  Probe  
  119  9:47  Photon Cannon  
  120  9:58  Probe  
  121  10:09  Photon Cannon  
  121  10:10  Probe  
  122  10:18  Assimilator  
  122  10:22  Probe  
  122  10:26  Probe  
  124  10:34  Photon Cannon  
  125  10:35  Probe (Chrono Boost), Shield Battery  
  125  10:36  Nexus  
  125  10:37  Pylon  
  125  10:38  Probe (Chrono Boost), Pylon x2  
  125  10:39  Pylon  
  125  10:41  Photon Cannon  
  126  10:43  Pylon  
  128  10:50  Probe (Chrono Boost)  
  128  10:52  Probe (Chrono Boost)  
  128  10:55  Probe (Chrono Boost)  
  129  10:58  Probe  
  129  11:01  Photon Cannon  
  130  11:04  Photon Cannon  
  130  11:05  Probe  
  130  11:08  Photon Cannon  
  130  11:10  Probe, Protoss Air Weapons Level 2  
  132  11:12  Photon Cannon, Shield Battery  
  132  11:17  Probe  
  133  11:22  Probe  
  134  11:26  Carrier x2  
  134  11:31  Observer  
  134  11:32  Stargate  
  147  11:37  Stargate  
  147  11:40  Stargate  
  147  11:52  Observer  
  148  12:14  Observer, Probe  
  150  12:16  Probe  
  151  12:22  Photon Cannon  
  151  12:25  Photon Cannon  
  151  12:26  Probe  
  151  12:28  Probe, Photon Cannon  
  151  12:29  Tempest  
  153  12:30  Tempest, Pylon  
  153  12:32  Void Ray  
  153  12:35  Observer, Tempest, Carrier  
  175  12:38  Probe  
  175  12:40  Probe  
  181  12:50  Probe  
  182  12:52  Probe  
  183  13:01  Pylon  
  183  13:02  Probe  
  183  13:04  Probe  
  185  13:12  Tempest  
  185  13:13  Tempest  
  185  13:14  Probe  
  185  13:15  Assimilator  
  185  13:16  Probe  
  197  13:20  Assimilator  
  197  13:21  Assimilator  
  197  13:24  Assimilator  
  197  13:26  Probe  
  198  13:28  Probe  
  199  13:36  Photon Cannon  
  199  13:38  Probe, Photon Cannon  
  200  13:49  Pylon  
  200  13:51  Pylon  
  200  13:53  Pylon  
  200  13:55  Nexus  
  200  13:57  Pylon  
  200  13:59  Protoss Air Armor Level 2 (Chrono Boost)  
  200  14:00  Pylon  
  200  14:04  Pylon  
  200  14:12  Photon Cannon  
  200  14:14  Photon Cannon  
  200  14:17  Photon Cannon  
  200  14:20  Photon Cannon  
  200  14:22  Photon Cannon  
  200  14:25  Photon Cannon  
  200  14:27  Photon Cannon  
  200  14:37  Twilight Council  
  200  14:39  Gateway  
  200  14:41  Gateway  
  200  14:48  Photon Cannon  
  200  14:50  Shield Battery  
  200  14:53  Shield Battery  
  200  14:56  Photon Cannon  
  200  15:14  Stargate  
  200  15:16  Stargate  
  107  15:43  Tempest x5  
  117  15:55  Templar Archives  
  117  16:14  Tempest x2  
  127  16:20  Void Ray x3  
  127  16:26  Tempest x2  
  149  16:34  Psionic Storm, Stargate  
  149  16:35  Stargate  
  149  16:57  Tempest x2, Void Ray x3  
  159  17:03  Void Ray x2  
  174  17:28  High Templar  
  174  17:29  High Templar  
  178  17:34  Void Ray x2  
  178  17:35  Void Ray  
  167  17:40  Tempest x2  
  150  17:45  Tempest  
  150  17:46  Tempest  
Tags
 
Add a new tag
Caveats
  • Supply blocks, unpowered buildings, or Contaminate may cause inaccurate times.
  • Supply counts are checked every 10 seconds.